 Dungeon Crawl Stone Soup version 0.29.0-4-gdea44cf6ec (webtiles) character file.

Game seed: 714101693023430428

614 qw the Cleaver (level 7, -8/91 HPs)
             Began as a Minotaur Berserker on Sept 10, 2022.
             Was a Priest of Trog.
             Mangled by a salamander (shapeshifter) (11 damage)
             ... on level 5 of the Dungeon.
             The game lasted 00:01:37 (5230 turns).

qw the Cleaver (Minotaur Berserker)                 Turns: 5230, Time: 00:01:37

Health: -8/91      AC:  6    Str: 23      XL:     7   Next: 20%
Magic:  6/6        EV: 11    Int:  3 (4)  God:    Trog [***...]
Gold:   226        SH:  0    Dex:  9 (10) Spells: 6/6 levels left

rFire   . . .      SeeInvis .   Y - +0 war axe (chaos)
rCold   . . .      Faith    .   (no shield)
rNeg    . . .      Spirit   .   f - +0 ring mail
rPois   .          Reflect  .   (helmet restricted)
rElec   .          Harm     .   (no cloak)
rCorr   .          Rampage  .   c - +0 pair of gloves
Will    +....                   (no boots)
Stlth   ..........              (no amulet)
HPRegen 0.25/turn               g - ring of willpower
MPRegen 0.10/turn               (no ring)

@: berserking, very quick
A: horns 2, retaliatory headbutt
a: Renounce Religion, Berserk, Trog's Hand


You were on level 5 of the Dungeon.
You worshipped Trog.
Trog was most pleased with you.
You visited 1 branch of the dungeon, and saw 5 of its levels.

You collected 226 gold pieces.


Innate Abilities, Weirdness & Mutations

You have a pair of horns on your head.
You reflexively headbutt those who attack you in melee.


   Skills:
 - Level 5.1 Fighting
 + Level 9.4 Axes
 - Level 2.4 Armour
 - Level 2.1 Dodging


You had 6 spell levels left.
You didn't know any spells.
Your spell library was empty.

Inventory:

Hand Weapons
 i - a +1 flail of draining
 Y - a +0 war axe of chaos (weapon)
Armour
 b - a +0 scale mail
 c - a +0 pair of gloves (worn)
 f - a +0 ring mail (worn)
 h - a +0 buckler
Jewellery
 g - a ring of willpower (left hand)
Scrolls
 k - 5 scrolls of identify
Potions
 a - 2 potions of berserk rage {unknown}
 d - a potion of resistance
 e - 7 potions of curing
 j - 2 potions of experience {unknown}
 l - a potion of flight {unknown}

Dungeon Overview and Level Annotations

Branches:
Dungeon (5/15)
 Temple: D:4-7

Altars:
Elyvilon
Gozag
Hepliaklqana
Kikubaaqudgha
Makhleb
Qazlal
Sif Muna
Uskayaw
Xom
Yredelemnul

Shops:
D:1 :

Annotations:
D:4 3 runed translucent doors, qw's ghost, amateur DsCA; qw's ghost, amateur GrFi
D:5 3 runed translucent doors, qw's ghost, novice GrFi


Message History

You hit the orc. You burn the orc.
You kill the orc!
Trog accepts your kill.
You hit the orc. You burn the orc. The orc closely misses you.
You closely miss the orc.
The orc is severely wounded.
The orc closely misses you. You furiously retaliate!
You headbutt the orc!
You kill the orc!
Trog accepts your kill.
Items here: % )) [[.
There is an open door here.
A hound comes into view.
The hound barks!
Enter note: You hit the hound but do no damage.
The hound closely misses you. The hound bites you.
You hit the hound but do no damage.
The hound changes into a shapeshifter!
Your headbutt misses the shapeshifter.
The shapeshifter changes into a salamander!
You barely miss the salamander. Your headbutt misses the salamander.
The salamander hits you but does no damage.
You slash the salamander!
The salamander seems to speed up.
The salamander is moderately wounded.
The salamander hits you.
You are engulfed in flames!
You barely miss the salamander.
The salamander is moderately wounded.
The salamander hits you!
You are engulfed in flames!
The salamander hits you but does no damage.
5228 ||| INVOKING Berserk.
A red film seems to cover your vision as you go berserk!
You feel yourself moving faster!
You feel mighty! The salamander hits you.
You are engulfed in flames!
You slice the salamander!! Your punch misses the salamander.
The salamander is heavily wounded.
The salamander hits you.
You are engulfed in flames!
You closely miss the salamander.
The salamander is heavily wounded.
The salamander hits you.
You are engulfed in flames!
You die...

##......# #.....#.#
##...##.. ##
########.##### .#
#.........).... .# #.
#######)##### .#.
##...... #N# ##...####
#### #@## ##.....##
#ยค...#..## ##.......#
#.~~.....####.........#
#.~~........'.........'
#........####.........#
####.##.## ##.......##
#. ### ##.....## ..
##...## ##. #'##


You could see a salamander shaped shifter (fast).

Vanquished Creatures
  An ice beast (D:5)
  A gnoll sergeant (D:5)
  A scorpion (D:5)
  A howler monkey (D:5)
  Jessica (D:2)
  2 iguanas
  2 orc wizards (D:5)
  5 gnolls (D:5)
  7 adders
  A shadow imp (D:5)
  3 ufetubi (D:5)
  3 worms
  2 dart slugs (D:3)
  10 orcs
  7 endoplasms
  6 giant cockroaches
  5 goblins
  10 hobgoblins
  7 quokkas
  6 ball pythons
  5 bats
  10 kobolds
  4 rats
100 creatures vanquished.

Vanquished Creatures (others)
  A human (D:3)
  A rat zombie (D:2)
  7 demonic plants (D:5)
  9 plants (D:4)
  6 withered plants (D:4)
24 creatures vanquished.

Grand Total: 124 creatures vanquished

Notes
Turn   | Place    | Note
-------+----------+-------------------------------------------
     0 | D:1      | qw the Minotaur Berserker began the quest for the Orb.
     0 | D:1      | Reached XP level 1. HP: 19/19 MP: 0/0
     0 | D:1      | 0 ||| qw: Version: 0.1-a-116-g5d60599
     0 | D:1      | 0 ||| qw: Game counter: 7517
     0 | D:1      | 0 ||| qw: Always use a shield: true
     0 | D:1      | 0 ||| qw: Do Orc after D:15 true
     0 | D:1      | 0 ||| qw: Do second Lair branch before Depths: true
     0 | D:1      | 0 ||| qw: Lair rune preference: random
     0 | D:1      | 0 ||| qw: Plans: Normal
     0 | D:1      | 0 ||| PLANNING D:1-11
    81 | D:1      | Found a faded altar of an unknown god.
   167 | D:1      | Reached skill level 4 in Axes
   311 | D:1      | 311 ||| DROPPING +0 club.
   350 | D:1      | 350 ||| Stepping ~*~*~tactically~*~*~ (stealth).
   355 | D:1      | 355 ||| Stepping ~*~*~tactically~*~*~ (stealth).
   372 | D:1      | Reached XP level 2. HP: 17/26 MP: 1/1
   518 | D:1      | 518 ||| INVOKING Berserk.
   701 | D:1      | 701 ||| Stepping ~*~*~tactically~*~*~ (stealth).
   703 | D:1      | 703 ||| Stepping ~*~*~tactically~*~*~ (stealth).
   732 | D:1      | 732 ||| Stepping ~*~*~tactically~*~*~ (stealth).
   973 | D:1      | 973 ||| SWAPPING to +0 war axe.
   974 | D:1      | 974 ||| DROPPING +0 hand axe.
   989 | D:1      | 989 ||| Stepping ~*~*~tactically~*~*~ (stealth).
  1050 | D:1      | Found Juch's Vocational Training.
  1149 | D:1      | Reached skill level 5 in Axes
  1260 | D:1      | 1260 ||| UPGRADING to +0 pair of gloves.
  1265 | D:1      | 1265 ||| UPGRADING to +0 ring mail.
  1275 | D:1      | 1275 ||| DROPPING +0 animal skin.
  1276 | D:1      | 1276 ||| DROPPING ring of magical power.
  1277 | D:1      | 1277 ||| READING scroll labelled RARGHE WIMMUI.
  1280 | D:1      | 1280 ||| READING scroll labelled DOHEDI MOIKE.
  1281 | D:1      | 1281 ||| READING scroll labelled KIXYER ODYJ.
  1282 | D:1      | 1282 ||| READING 2 scrolls labelled XOEDAT BADDUID.
  1283 | D:1      | 1283 ||| READING scroll labelled AGEEXZ SYBBU.
  1284 | D:1      | 1284 ||| DRINKING 3 emerald potions.
  1367 | D:2      | You fall into a shaft and drop 2 floors!
  1492 | D:3      | Reached XP level 3. HP: 31/31 MP: 2/2
  1494 | D:3      | Reached ** piety under Trog
  1496 | D:3      | 1496 ||| Stepping ~*~*~tactically~*~*~ (hiding).
  1639 | D:3      | Found a hide-covered altar of Uskayaw.
  1682 | D:3      | 1682 ||| Stepping ~*~*~tactically~*~*~ (hiding).
  1683 | D:3      | 1683 ||| Stepping ~*~*~tactically~*~*~ (hiding).
  1694 | D:3      | 1694 ||| INVOKING Berserk.
  1725 | D:3      | 1725 ||| FLEEEEING.
  1726 | D:3      | 1726 ||| FLEEEEING.
  1727 | D:3      | 1727 ||| STAIRDANCE
  2019 | D:2      | HP: 7/31 [poisoned by an adder]
  2428 | D:2      | Noticed Jessica
  2430 | D:2      | 2430 ||| Stepping ~*~*~tactically~*~*~ (hiding).
  2439 | D:2      | Killed Jessica
  2440 | D:2      | Reached skill level 6 in Axes
  2440 | D:2      | Reached XP level 4. HP: 38/39 MP: 3/3
  2587 | D:2      | 2587 ||| Stepping ~*~*~tactically~*~*~ (stealth).
  2606 | D:2      | 2606 ||| READING scroll labelled QEDYECUIL.
  2607 | D:2      | 2607 ||| READING scroll labelled WUDOUBEAWA.
  2608 | D:2      | 2608 ||| READING 2 scrolls labelled QUBEKK WAPHUE.
  2609 | D:2      | 2609 ||| READING 4 scrolls of identify.
  2609 | D:2      | 2609 ||| IDENTIFYING sapphire potion
  2610 | D:2      | 2610 ||| READING 3 scrolls of identify.
  2610 | D:2      | 2610 ||| IDENTIFYING coppery potion
  2611 | D:2      | 2611 ||| DROPPING potion of brilliance.
  2612 | D:2      | 2612 ||| DROPPING scroll of fear.
  2613 | D:2      | 2613 ||| DROPPING potion of ambrosia.
  2644 | D:3      | 2644 ||| STAIRDANCE
  2829 | D:3      | Found an opulent altar of Gozag.
  2829 | D:3      | Found a shimmering blue altar of Sif Muna.
  2831 | D:3      | Found a stormy altar of Qazlal.
  2832 | D:3      | Found a hazy altar of Hepliaklqana.
  2832 | D:3      | Found a burning altar of Makhleb.
  2834 | D:3      | Found a basalt altar of Yredelemnul.
  2834 | D:3      | Found a white marble altar of Elyvilon.
  2835 | D:3      | Found a shimmering altar of Xom.
  2860 | D:3      | Found an ancient bone altar of Kikubaaqudgha.
  2864 | D:3      | Noticed a human
  2867 | D:3      | Killed a human
  2958 | D:3      | 2958 ||| UPGRADING to ring of willpower.
  2959 | D:3      | 2959 ||| READING 2 scrolls labelled TUROPO CAMOROOMM.
  2960 | D:3      | 2960 ||| READING 4 scrolls of identify.
  2960 | D:3      | 2960 ||| IDENTIFYING silvery potion
  2961 | D:3      | 2961 ||| DROPPING scroll of amnesia.
  3274 | D:4      | Found a runed translucent gate.
  3279 | D:4      | Found a runed translucent gate.
  3287 | D:4      | Found a runed translucent gate.
  3289 | D:4      | Noticed qw's ghost (amateur DsCA)
  3289 | D:4      | Noticed qw's ghost (amateur GrFi)
  3397 | D:4      | Reached XP level 5. HP: 45/45 MP: 4/4
  3445 | D:4      | Reached skill level 7 in Axes
  3904 | D:4      | 3904 ||| READING scroll labelled ELUCURATOC.
  3905 | D:4      | 3905 ||| DRINKING 3 lumpy pink potions.
  3906 | D:4      | 3906 ||| DROPPING 2 potions of degeneration.
  3907 | D:4      | 3907 ||| READING scroll of teleportation.
  3972 | D:5      | Entered Level 5 of the Dungeon
  4196 | D:5      | Found a runed translucent gate.
  4196 | D:5      | Found a runed translucent gate.
  4202 | D:5      | Noticed qw's ghost (novice GrFi)
  4215 | D:5      | Reached XP level 6. HP: 52/52 MP: 5/5
  4239 | D:5      | Found a runed translucent gate.
  4378 | D:5      | 4378 ||| Stepping ~*~*~tactically~*~*~ (hiding).
  4379 | D:5      | 4379 ||| INVOKING Berserk.
  4382 | D:5      | Reached skill level 8 in Axes
  4610 | D:5      | 4610 ||| DROPPING +0 mace.
  4688 | D:5      | 4688 ||| Stepping ~*~*~tactically~*~*~ (stealth).
  4700 | D:5      | Reached *** piety under Trog
  4744 | D:5      | 4744 ||| Stepping ~*~*~tactically~*~*~ (stealth).
  4750 | D:5      | Reached skill level 9 in Axes
  4765 | D:5      | Noticed an ice beast
  4770 | D:5      | 4770 ||| INVOKING Berserk.
  4777 | D:5      | Killed an ice beast
  4778 | D:5      | Reached XP level 7. HP: 61/61 MP: 6/6
  4926 | D:5      | 4926 ||| Stepping ~*~*~tactically~*~*~ (hiding).
  5224 | D:5      | Noticed a shapeshifter
  5224 | D:5      | a hound changed into a shapeshifter
  5224 | D:5      | Noticed a salamander
  5224 | D:5      | a shapeshifter changed into a salamander
  5228 | D:5      | 5228 ||| INVOKING Berserk.
  5229 | D:5      | HP: 20/91 [salamander (shapeshifter) (5)]
  5229 | D:5      | HP: 6/91 [salamander (shapeshifter) (14)]
  5230 | D:5      | Mangled by a salamander (shapeshifter)

Levels and vault maps discovered:
D:1:      minmay_arrival_doors, layout_rooms,
          shapermc_ecumenical_altar_notcrosses, interstate_on_off,
          nicolae_shop_vocational
D:2:      minmay_chambers_of_twos, layout_basic, kennysheep_jessica_study
D:3:      layout_rooms, grunt_temple_overflow_open, lemuel_doored_altar,
          tgw_kikubaaqudgha
D:4:      layout_loops_corners, gammafunk_ghost_cemetery, serial_bayou_lake_a
D:5:      layout_loops_corners, gammafunk_ghost_split, serial_demonic,
          serial_demonic_e, serial_demonic_g, serial_demonic_a, serial_demonic_c

Skill      XL: |  1  2  3  4  5  6 |
---------------+-------------------+-----
Axes           | 4 5 6 7 9 |  9.4
Fighting       | 4 5 |  5.1
Armour         | |  2.4
Dodging        | |  2.1

Action                   |  1- 3 |  4- 6 |  7- 9 || total
-------------------------+-------+-------+-------++-------
Melee: Hand axe          |    53 |       |       ||    53
       Headbutt          |    14 |    11 |     1 ||    26
       War axe           |    57 |   125 |    25 ||   207
Invok: Berserk           |     2 |     2 |     1 ||     5
  Use: Scroll            |     5 |     9 |       ||    14
       Potion            |     1 |     1 |       ||     2
 Stab: Petrifying        |       |     1 |       ||     1
Armor: Animal skin       |    16 |       |       ||    16
       Ring mail         |    25 |    52 |     6 ||    83
Dodge: Dodged            |    58 |    63 |     8 ||   129

Table legend:
 A = Non-vault XP
 B = Vault XP
 C = Vault XP percentage of total XP
 D = Non-vault monster count
 E = Vault monster count
 F = Vault count percentage of total count
                 A         B        C        D         E       F
            +---------+---------+-------+---------+---------+-------
      Total |     792 |      86 |   9.8 |      87 |      13 |  13.0
            +---------+---------+-------+---------+---------+-------
        D:1 |      35 |       0 |   0.0 |      22 |       0 |   0.0
        D:2 |      24 |      58 |  70.7 |       8 |      10 |  55.6
        D:3 |      36 |       0 |   0.0 |      14 |       0 |   0.0
        D:4 |      89 |       0 |   0.0 |      17 |       0 |   0.0
        D:5 |     608 |      28 |   4.4 |      26 |       3 |  10.3
            +---------+---------+-------+---------+---------+-------
